 Dungeon Crawl Stone Soup version 0.29-a0-994-gc5c9f59d18 (webtiles) character file.

Game seed: 2602934973362087485

351256 2tc the Slayer (level 21, -11/222 HPs)
             Began as a Hill Orc Monk on Aug 3, 2022.
             Was the Champion of Jiyva.
             Mangled by a golden dragon (25 damage)
             ... on level 2 of the Depths.
             The game lasted 03:40:13 (37875 turns).

2tc the Slayer (Hill Orc Monk)                     Turns: 37875, Time: 03:40:14

Health: -11/222    AC: 14    Str: 27    XL:     21   Next: 83%
Magic:  0/28       EV: 24    Int: 13    God:    Jiyva [******]
Gold:   4119       SH:  0    Dex: 12    Spells: 26/30 levels left

rFire   + . .      SeeInvis +   M - +14 obsidian axe {vorpal, Mesm Drain Fly SInv}
rCold   + + .      Faith    .   (no shield)
rNeg    . . .      Spirit   +   p - +3 leather armour {Will+}
rPois   +          Reflect  .   d - +2 helmet
rElec   +          Harm     .   S - scarf {rC+ rF+}
rCorr   +          Rampage  .   o - +1 pair of gloves
Will    +++..                   (boots unavailable)
Stlth   ++........              h - amulet of guardian spirit
HPRegen 2.07/turn               x - ring of Gycsenlo {rElec EV+4}
MPRegen 0.71/turn               V - ring of Zin's Regard {rPois Will+ Int+2 SInv}

@: flying, mesmerised, studying Unarmed Combat
A: hooves 3, cold resistance 1, strong 1, wild magic 3, gelatinous body 2,
pseudopods 1, translucent skin 3, MP-powered wands, engulf
}: 3/15 runes: barnacled, slimy, gossamer
a: Renounce Religion, Oozemancy, Slimify


You were on level 2 of the Depths.
You worshipped Jiyva.
Jiyva was exalted by your worship.
You visited 10 branches of the dungeon, and saw 45 of its levels.
You also visited: Bailey and Ice Cave.

You collected 5797 gold pieces.
You spent 1678 gold pieces at shops.

Inventory:

Hand Weapons
 a - a +2 vampiric hand axe
 F - the +7 sceptre of Torment {pain, torment}
   (You found it on level 5 of the Pits of Slime)

   In the hands of one skilled in necromantic magic, it inflicts extra damage on
   living creatures.
   It occasionally torments all nearby living foes when it strikes in combat.
 I - the +2 spear of Zofousungom {spect, SInv}
   (You found it on level 10 of the Dungeon)

   When its wielder attacks, the weapon's spirit leaps out and strikes again.
   The spirit shares a part of any damage it takes with its wielder.
   SInv:      It lets you see invisible.
 J - a +2 broad axe of freezing
 M - the +14 obsidian axe (weapon) {vorpal, Mesm Drain Fly SInv}
   (You found it on level 3 of the Lair of Beasts)

   It inflicts extra damage upon your enemies.
   It occasionally summons demons to assist the wielder when it strikes in
   combat.
   Its wielder is mesmerised by any visible foes.
   It cannot be unequipped while any foes are visible.
   SInv:      It lets you see invisible.
   Fly:       It grants you flight.
   Drain:     It drains your maximum health when unequipped.
Missiles
 j - 33 poisoned darts (quivered)
Armour
 d - a +2 helmet (worn)
 o - a +1 pair of gloves (worn)
 p - a +3 leather armour of willpower (worn)
 q - a +3 leather armour
 E - +1 steam dragon scales
 H - a +3 leather armour of cold resistance
 K - the +2 pair of boots of Orthodoxy {MP-9 Int-4 Dex+8}
   (You bought it in a shop on level 1 of the Depths)

   Int:       It affects your intelligence (-4).
   Dex:       It affects your dexterity (+8).
   MP:        It affects your magic capacity (-9).
 N - the +1 ring mail of Uskaps {rElec Slay+4}
   (You found it on level 1 of the Spider Nest)

   Slay:      It affects your accuracy & damage with ranged weapons and melee
   (+4).
   rElec:     It insulates you from electricity.
 O - a +2 leather armour of fire resistance
 R - the +9 plate armour of Caegh {rN+ Dex+3}
   (You found it on level 2 of the Vaults)

   Dex:       It affects your dexterity (+3).
   rN:        It protects you from negative energy.
 S - a scarf of resistance (worn)
Jewellery
 f - a ring of flight
 h - an amulet of guardian spirit (around neck)
 s - a +6 ring of dexterity
 x - the ring of Gycsenlo (left hand) {rElec EV+4}
   (You found it on level 5 of the Pits of Slime)

   [ring of evasion]

   EV:        It affects your evasion (+4).
   rElec:     It insulates you from electricity.
 y - an amulet of faith
 B - a ring of positive energy
 C - a ring of ice
 L - a ring of ice
 V - the ring of Zin's Regard (right hand) {rPois Will+ Int+2 SInv}
   (You found it on level 1 of the Depths)

   [ring of see invisible]

   Int:       It affects your intelligence (+2).
   rPois:     It protects you from poison.
   SInv:      It lets you see invisible.
   Will:      It increases your willpower.
 W - a ring of magical power
 X - an amulet of magic regeneration
 Z - the ring of the Disbelieving Gods {rElec rPois Int+2 Dex+6}
   (You took it off a spriggan air mage on level 2 of the Depths)

   [ring of dexterity]

   Int:       It affects your intelligence (+2).
   Dex:       It affects your dexterity (+6).
   rElec:     It insulates you from electricity.
   rPois:     It protects you from poison.
Wands
 v - a wand of roots (4)
 A - a wand of digging (5)
 D - a wand of paralysis (2)
 G - a wand of quicksilver (15)
 Q - a wand of polymorph (1)
Scrolls
 b - 5 scrolls of butterflies
 e - 6 scrolls of fear
 m - 7 scrolls of amnesia
 P - 3 scrolls of blinking
 Y - 2 scrolls of silence
Potions
 c - 5 potions of ambrosia
 g - 7 potions of brilliance
 i - 4 potions of cancellation
 k - 5 potions of mutation
 l - 4 potions of resistance
 n - 15 potions of curing
 r - 4 potions of attraction
 t - 11 potions of flight
 z - 2 potions of magic
 T - a potion of invisibility
 U - 3 potions of lignification
Miscellaneous
 u - a phantom mirror (inert)
 w - a phial of floods (inert)


   Skills:
 + Level 26.4 Fighting
 - Level 18.0 Axes
 - Level 15.0 Armour
 - Level 14.5 Dodging
 - Level 1.5 Stealth
 - Level 5.0 Spellcasting
 - Level 10.0 Conjurations
 - Level 12.0 Fire Magic
 - Level 12.0 Evocations


You had 26 spell levels left.
You knew the following spells:

 Your Spells              Type           Power      Damage    Failure   Level
a - Sticky Flame          Conj/Fire      57%        2d7       11%         4

Your spell library contained the following spells:

 Spells                   Type           Power      Damage    Failure   Level
 Magic Dart               Conj           100%       1d8       3%          1
 Conjure Flame            Conj/Fire      57%        6-21      5%          3
 Static Discharge         Conj/Air       30%        3-7/arc   14%         2
 Ignite Poison            Fire/Tmut/Pois 25%        N/A       32%         3
 Mephitic Cloud           Conj/Pois/Air  22%        N/A       38%         3
 Hailstorm                Conj/Ice       30%        3d8       52%         4
 Call Imp                 Summ           6%         N/A       56%         2
 Ensorcelled Hibernation  Hex/Ice        12%        N/A       56%         2
 Passwall                 Tmut/Erth      5%         N/A       56%         2
 Poisonous Vapours        Pois/Air       12%        N/A       56%         2
 Call Canine Familiar     Summ           6%         N/A       77%         3
 Frozen Ramparts          Ice            12%        1d9       77%         3
 Gell's Gravitas          Tloc           6%         N/A       77%         3
 Lesser Beckoning         Tloc           6%         N/A       77%         3
 Ozocubu's Armour         Ice            6%         N/A       77%         3
 Portal Projectile        Hex/Tloc       12%        N/A       77%         3
 Swiftness                Air            6%         N/A       77%         3
 Teleport Other           Tloc           6%         N/A       77%         3
 Tukima's Dance           Hex            6%         N/A       77%         3
 Lightning Bolt           Conj/Air       15%        1d29      80%         5
 Animate Dead             Necr           6%         N/A       98%         4
 Dispel Undead            Necr           6%         3d8       98%         4
 Ice Form                 Ice/Tmut       6%         N/A       98%         4
 Leda's Liquefaction      Hex/Erth       3%         N/A       98%         4
 Passage of Golubria      Tloc           6%         N/A       98%         4
 Petrify                  Tmut/Erth      6%         N/A       98%         4
 Summon Ice Beast         Ice/Summ       6%         N/A       98%         4
 Conjure Ball Lightning   Conj/Air       15%        3x3d6     99%         6
 Borgnjor's Vile Clutch   Necr/Erth      3%         N/A       100%        5
 Metabolic Englaciation   Hex/Ice        3%         N/A       100%        5
 Summon Mana Viper        Hex/Summ       6%         N/A       100%        5
 Yara's Violent Unravell  Hex/Tmut       3%         3d4       100%        5
 Death Channel            Necr           3%         N/A       100%        6
 Simulacrum               Ice/Necr       3%         N/A       100%        6
 Statue Form              Tmut/Erth      4%         N/A       100%        6
 Monstrous Menagerie      Summ           3%         N/A       100%        7
 Ozocubu's Refrigeration  Ice            3%         4d8       100%        7
 Discord                  Hex            3%         N/A       100%        8
 Disjunction              Tloc           3%         N/A       100%        8
 Maxwell's Capacitive Co  Air            3%         ∞         100%        8


Dungeon Overview and Level Annotations

Branches:
Dungeon (15/15)            Temple (1/1) D:6            Lair (5/5) D:10
 Shoals (4/4) Lair:3       Spider (4/4) Lair:2        Slime (5/5) Lair:4
    Orc (2/2) D:9             Elf (3/3) Orc:2        Vaults (4/5) D:14
  Crypt (0/3) Vaults:3     Depths (2/4) D:15         Bailey (visited)
  IceCv (visited)

Altars:
Ashenzari
Cheibriados
Dithmenos
Elyvilon
Fedhas
Gozag
Hepliaklqana
Kikubaaqudgha
Makhleb
Nemelex Xobeh
Okawaru
Qazlal
Ru
Sif Muna
Trog
Uskayaw
Vehumet
Wu Jian
Xom
Yredelemnul
Zin
The Shining One
Beogh
Jiyva

Shops:
D:7 *   D:14 *   Orc:2 *!((   Elf:1 *   Shoals:4 !   Vaults:2 =   Vaults:4 =
Depths:1 [((

Portals:
Hell: Depths:1 Depths:2
Pandemonium: Depths:1

Annotations:
D:2 1 runed translucent door, Crazy Yiuf
D:3 1 runed translucent door
D:14 3 runed translucent doors, lis82's ghost, journeyman DgAE
Slime:3 Dissolution
Slime:5 Royal Jelly
Elf:1 3 runed translucent doors
Elf:2 3 runed translucent doors
Vaults:2 3 runed translucent doors


Innate Abilities, Weirdness & Mutations

You have hooves in place of feet.
Your flesh is cold resistant. (rC+)
Your muscles are strong. (Str +4, Int/Dex -1)
Your spells are much harder to cast, but much more powerful.
Your pliable body absorbs attacks. (AC +2, EV +2)
Armour fits poorly on your pseudopods.
Your transparent skin significantly reduces your foes' accuracy. (Stealth+)
You expend magic power (3 MP) to strengthen your wands.
Your melee attacks may engulf your foes in ooze.


Message History

The tengu conjurer casts a spell.
The tengu conjurer blinks!
The frost giant hits your butterfly with a +2 battleaxe of freezing!!
The frost giant freezes your butterfly.
Your butterfly dies!
Your butterfly disappears in a burst of colours!
The frost giant hits your butterfly with a +2 battleaxe of freezing!!
The frost giant freezes your butterfly.
Your butterfly dies!
Your butterfly disappears in a burst of colours!
Your hellwing hits the storm dragon.
Your hellwing barely misses the storm dragon.
The caustic shrike is engulfed in freezing vapours.
The caustic shrike misses you.
You cannot move away from the storm dragon!
You swap places.
The caustic shrike attacks as you move away!
The caustic shrike claws you but does no damage.
Visions of slaying the golden dragon flood into your mind.
The caustic shrike claws your butterfly!!
Your butterfly dies!
Your butterfly disappears in a burst of colours!
The tengu conjurer gestures wildly while chanting.
The tengu conjurer blinks!
Your hellwing hits the storm dragon but does no damage. x2
The storm dragon barely misses your hellwing.
The storm dragon closely misses your hellwing.
The storm dragon tramples your hellwing.
Your hellwing holds its ground!
Items here: ) [[ †.
As you read the scroll of fear, it crumbles to dust.
You assume a fearsome visage.
The golden dragon resists with almost no effort.
The storm dragon easily resists.
The frost giant resists with some effort.
The caustic shrike resists with some effort.
The lich is unaffected.
Visions of slaying the caustic shrike flood into your mind.
The caustic shrike closely misses you. The golden dragon bites you!!
You die...

#...##.#
########
.....
#...#.##
..#..#
#.....##
.....#
##.....##
##.....##
##.....###
##.b.b†.##
##b†.b.b###.
##[@b4b....
##bDD#...#
##~b~#.##
C~L....
~~~....
.......
.#.....
#.###.. . #D


You could see a golden dragon (catching breath, ally target), a caustic shrike
(mesmerising, waterlogged), a storm dragon (unsilenced, distracted, waterlogged,
ally target), a frost giant, a lich and a friendly hellwing (summoned).

Vanquished Creatures
  Sojobo (Depths:1)
  2 golden dragons
  Jorgrun (D:15)
  A kraken (Shoals:4)
  Polyphemus (Shoals:2)
  3 sphinxes
  3 tengu reavers
  Ilsuiw (Shoals:3)
  Roxanne (Shoals:3)
  Donald (Vaults:1)
  A fire giant (Depths:2)
  An iron dragon (Depths:1)
  A deep elf sorcerer (Vaults:1)
  8 emperor scorpions
  3 ghost moths
  An orc warlord (Vaults:3)
  14 vault wardens
  3 frost giants
  Louise (Shoals:3)
  14 ironbound preservers
  16 very ugly things
  3 vampire knights
  7 ironbound thunderhulks
  5 stone giants
  2 deep elf demonologists
  8 entropy weavers
  16 dire elephants
  5 spark wasps
  A deep elf annihilator (Vaults:2)
  5 ettins
  3 crystal guardians
  7 merfolk impalers
  4 merfolk javelineers
  3 fire dragons
  6 vault guards
  7 yaktaur captains
  4 hydras
  A deep elf high priest (Elf:1)
  A rakshasa (Depths:1)
  4 peacekeepers
  2 ice dragons
  3 catoblepae
  7 boulder beetles
  A merfolk avatar (Shoals:2)
  10 ironbound frosthearts
  A spriggan air mage (Depths:2)
  An ogre mage (Orc:2)
  10 centaur warriors
  The ghost of knorpule3000 the Cleaver, a novice HOMo of Beogh (D:9)
  The ghost of Soborki the Cleaver, a novice MiBe of Trog (D:9)
  6 two-headed ogres
  A radroach (Spider:1)
  The ghost of RichitheSlayer the Cleaver, a novice HOFi of Okawaru (D:9)
  The ghost of Toxicplasma the Slicer, a novice MiBe of Trog (D:9)
  2 spriggan berserkers (Depths:1)
  A deep troll earth mage (Depths:1)
  A deep troll shaman (Lair:5)
  7 dancing weapons
  12 death yaks
  An orc high priest (Orc:2)
  4 tengu warriors
  10 deep elf knights
  A pharaoh ant (Spider:1)
  9 orb spiders
  2 sun moths
  9 sea snakes
  3 bog bodies (IceCv)
  3 steelbarb worms
  Pikel (D:5)
  An obsidian statue (IceCv)
  A spriggan simulacrum (IceCv)
  2 deep elf archers (Elf:1)
  8 wizards
  11 ironbound convokers
  5 lindwurms
  A tengu zombie (Vaults:2)
  9 orc knights
  35 deep trolls
  13 harpies
  2 phantasmal warriors (Vaults:3)
  14 deep elf pyromancers
  11 deep elf zephyrmancers
  16 ugly things
  3 necromancers
  3 fauns (Shoals:3)
  10 wolf spiders
  12 manticores
  3 orc sorcerers (Orc:2)
  A salamander (shapeshifter) (D:14)
  13 cyclopes
  13 elephants
  3 merfolk sirens
  A moth of wrath (Spider:2)
  10 vault sentinels
  A guardian serpent (Depths:1)
  A water nymph (Shoals:4)
  An orange demon (Depths:1)
  3 black mambas
  2 torpor snails
  Maggie (D:10)
  5 rime drakes
  A gargoyle (D:13)
  An efreet (D:14)
  3 kobold demonologists
  10 cane toads
  14 freezing wraiths
  4 demonic crawlers
  2 golden dragon simulacra (IceCv)
  41 yaktaurs
  4 komodo dragons
  A tengu conjurer (Depths:1)
  2 entropy weaver simulacra (IceCv)
  A tormentor (Depths:1)
  11 trolls
  An anaconda simulacrum (IceCv)
  13 merfolk
  4 meliai
  A red devil (Depths:1)
  2 polar bears (Lair:3)
  6 saltlings (Orc:2)
  Grinder (D:3)
  8 blink frogs (Lair:5)
  3 wind drakes
  12 tarantellas
  4 hornets (Spider:4)
  2 dream sheep (Shoals:4)
  15 jumping spiders
  8 snapping turtles
  Sigmund (D:2)
  3 wraiths
  A centaur simulacrum (D:14)
  12 water elementals
  3 air elementals (Elf:1)
  2 wyverns
  2 dire elephant simulacra (IceCv)
  51 yaks
  A hog (Lair:4)
  15 culicivoras
  3 fire elementals
  An elf skeleton (Vaults:2)
  A minotaur simulacrum (IceCv)
  A steam dragon (D:10)
  38 redbacks
  17 vampire mosquitoes
  2 wargs (Orc:2)
  8 basilisks
  3 harpy simulacra (IceCv)
  A swamp worm (shapeshifter) (Vaults:2)
  2 acid dragons
  11 water moccasins
  2 hydra simulacra (IceCv)
  23 orc warriors
  A black bear (D:6)
  3 ice beasts
  A black bear (shapeshifter) (Elf:2)
  3 alligator simulacra (IceCv)
  16 ogres
  13 wolves
  6 centaurs
  2 human zombies (Vaults:2)
  3 kobold brigands (D:10)
  2 necrophages
  A scorpion (D:5)
  A deep troll simulacrum (IceCv)
  7 bullfrogs
  An earth elemental (Elf:2)
  8 wights
  15 killer bees
  4 lindwurm simulacra (IceCv)
  9 howler monkeys
  3 electric eels
  6 hounds
  The ghost of TheBestFelid the Ducker, a weakling FeAE (D:3)
  14 orc priests
  4 iguanas
  6 hell rats (Lair:5)
  20 orc wizards
  12 adders
  4 gnolls
  2 shadow imps
  A white imp (D:7)
  2 ufetubi
  3 worms
  A dart slug (D:5)
  69 orcs
  8 ball pythons
  8 giant cockroaches
  22 goblins
  5 hobgoblins
  2 jackals (D:4)
  18 kobolds
  3 quokkas
  4 bats
  4 frilled lizards
  A kobold skeleton (D:3)
  4 rats
  6 tentacles
1205 creatures vanquished.

Vanquished Creatures (collateral kills)
  A lich (IceCv)
  A kraken (Shoals:3)
  2 sphinxes
  Kirke (Lair:4)
  2 vault wardens
  2 ironbound preservers
  An orc warlord (Orc:2)
  2 very ugly things (Depths:1)
  A war gargoyle (Vaults:4)
  An ironbound thunderhulk (Vaults:2)
  A stone giant (Vaults:4)
  2 dire elephants
  A vampire knight (Depths:1)
  An entropy weaver (Spider:2)
  A spark wasp (Depths:2)
  2 fire dragons (Depths:1)
  A yaktaur captain (Vaults:3)
  2 rakshasas
  4 hydras
  A boulder beetle (Vaults:2)
  A two-headed ogre (D:12)
  A centaur warrior (Vaults:2)
  A deep troll earth mage (Depths:2)
  A tengu warrior (Depths:1)
  A steelbarb worm (Spider:4)
  A sea snake (Shoals:4)
  A sun moth (Spider:4)
  9 deep trolls
  3 orb spiders
  A bog body (IceCv)
  A spriggan simulacrum (IceCv)
  An orc knight (Vaults:3)
  2 ironbound convokers
  4 manticores
  6 ugly things
  4 elephants (Lair:4)
  2 cyclopes
  A vault sentinel (Vaults:1)
  A guardian serpent (Depths:1)
  A water nymph (Shoals:3)
  4 yaktaurs
  5 freezing wraiths (IceCv)
  An elf zombie (Vaults:2)
  An efreet (D:14)
  A tarantella (Spider:4)
  4 snapping turtles
  2 dream sheep (Shoals:4)
  2 culicivoras (Spider:2)
  2 jumping spiders
  A water elemental (Shoals:4)
  A wraith (D:12)
  A dire elephant simulacrum (IceCv)
  A chaos spawn (Depths:1)
  2 hogs (Lair:4)
  7 redbacks
  4 vampire mosquitoes
  A harpy simulacrum (IceCv)
  2 lindwurm simulacra (IceCv)
  A howler monkey (D:13)
  An electric eel (Spider:4)
  An orc wizard (Orc:2)
  A tentacle (Shoals:3)
119 creatures vanquished.

Vanquished Creatures (others)
  3 great orbs of eyes
  A great orb of eyes (shapeshifter) (Depths:2)
  2 centaur warriors (Vaults:2)
  A two-headed ogre (D:13)
  4 glowing orange brains
  A deep elf knight (Elf:2)
  2 deep trolls
  A deep elf pyromancer (Elf:1)
  2 ironbound convokers (Vaults:3)
  A harpy (Vaults:3)
  2 deep elf zephyrmancers (Elf:1)
  An ugly thing (Depths:2)
  A salamander (D:15)
  A manticore (D:15)
  2 yaktaurs (Vaults:3)
  33 slime creatures
  A wyvern (shapeshifter) (Vaults:2)
  A yak (shapeshifter) (Depths:2)
  A redback (Vaults:3)
  A steam dragon (D:8)
  A neqoxec (Depths:1)
  A water moccasin (Lair:5)
  A swamp drake (shapeshifter) (Vaults:2)
  2 black bears (Lair:5)
  A tengu (shapeshifter) (D:13)
  A kobold brigand (D:9)
  2 bullfrogs
  A killer bee (D:8)
  137 jellies
  An orc priest (D:9)
  A jelly (shapeshifter) (Vaults:2)
  2 orc wizards
  A river rat (shapeshifter) (Vaults:2)
  An endoplasm (D:3)
  11 orcs
  2 endoplasms (shapeshifter) (Vaults:2)
  A giant cockroach (shapeshifter) (Vaults:2)
  A jackal (D:4)
  A quokka (D:3)
  6 kobolds (D:9)
  86 fungi
  17 pillars of salt (Orc:2)
  198 plants
  16 tentacles
554 creatures vanquished.

Grand Total: 1878 creatures vanquished

Notes
Turn   | Place    | Note
-------+----------+-------------------------------------------
     0 | D:1      | 2tc the Hill Orc Monk began the quest for the Orb.
     0 | D:1      | Reached XP level 1. HP: 19/19 MP: 1/1
   305 | D:1      | Reached XP level 2. HP: 18/26 MP: 2/2
   702 | D:2      | Reached skill level 5 in Axes
   836 | D:2      | Reached XP level 3. HP: 16/31 MP: 1/3
  1089 | D:2      | Found a faded altar of an unknown god.
  1093 | D:2      | Prayed at the altar of an unknown god.
  1093 | D:2      | Became a worshipper of Jiyva Joufiv the Shapeless
  1093 | D:2      | Reached * piety under Jiyva
  1093 | D:2      | Reached ** piety under Jiyva
  1141 | D:2      | Reached *** piety under Jiyva
  1360 | D:2      | Found a runed translucent door.
  1361 | D:2      | Noticed Crazy Yiuf
  1398 | D:2      | Noticed Sigmund
  1607 | D:2      | Reached XP level 4. HP: 39/39 MP: 4/4
  1663 | D:2      | Killed Sigmund
  1664 | D:2      | Reached XP level 5. HP: 41/45 MP: 2/5
  1664 | D:2      | Reached XP level 6. HP: 46/51 MP: 2/6
  1827 | D:3      | Gained mutation: You have large cloven feet. [Jiyva's
                  | grace]
  1827 | D:3      | Gained mutation: You have hoof-like feet. [Jiyva's grace]
  1827 | D:3      | Gained mutation: You have hooves in place of feet. [Jiyva's
                  | grace]
  1827 | D:3      | Gained mutation: Your melee attacks may engulf your foes in
                  | ooze. [Jiyva's grace]
  1834 | D:3      | Noticed Grinder
  1862 | D:3      | Killed Grinder
  1863 | D:3      | Reached skill level 10 in Axes
  2099 | D:3      | Found a runed translucent door.
  2106 | D:3      | Reached XP level 7. HP: 57/57 MP: 7/7
  2112 | D:3      | Noticed TheBestFelid's ghost (weakling FeAE)
  2120 | D:3      | Killed TheBestFelid's ghost
  2165 | D:3      | Found a runed translucent door.
  2165 | D:3      | Noticed a human
  2170 | D:3      | Found a basalt altar of Yredelemnul.
  2583 | D:4      | Reached **** piety under Jiyva
  2687 | D:4      | Found an iron altar of Okawaru.
  3016 | D:5      | Entered Level 5 of the Dungeon
  3156 | D:5      | Lost mutation: You have hooves in place of feet. [Jiyva's
                  | grace]
  3156 | D:5      | Gained mutation: You are covered in slimy tendrils that may
                  | disarm your opponents. [Jiyva's grace]
  3156 | D:5      | Gained mutation: Your body has grown eyes which may confuse
                  | attackers. (Acc +3) [Jiyva's grace]
  3156 | D:5      | Gained mutation: Your body has grown many eyes which may
                  | confuse attackers. (Acc +5) [Jiyva's grace]
  3156 | D:5      | Gained mutation: Your body is covered in eyes which may
                  | confuse attackers. (Acc +7, SInv) [Jiyva's grace]
  3186 | D:5      | Noticed Pikel
  3200 | D:5      | Killed Pikel
  3201 | D:5      | Reached XP level 8. HP: 56/64 MP: 5/8
  3619 | D:5      | Reached skill level 1 in Armour
  3629 | D:5      | Reached ***** piety under Jiyva
  3765 | D:5      | Reached XP level 9. HP: 69/70 MP: 9/9
  3937 | D:6      | Found a staircase to the Ecumenical Temple.
  3957 | D:6      | Reached skill level 4 in Fighting
  3965 | Temple   | Entered the Ecumenical Temple
  3997 | D:6      | Found a broken altar of Ashenzari.
  4013 | D:6      | Reached skill level 5 in Fighting
  4079 | D:6      | Found a sacrificial altar of Ru.
  4318 | D:6      | Reached skill level 6 in Fighting
  4346 | D:6      | Found a bloodstained altar of Trog.
  4439 | D:6      | Noticed a kobold demonologist
  4454 | D:6      | Killed a kobold demonologist
  4524 | D:6      | Reached skill level 7 in Fighting
  4527 | D:6      | Reached skill level 8 in Fighting
  4607 | D:6      | Lost mutation: Your body is covered in eyes which may
                  | confuse attackers. (Acc +7, SInv) [Jiyva's grace]
  4607 | D:6      | Gained mutation: You have a small jelly attached to you
                  | that may absorb projectiles. [Jiyva's grace]
  4607 | D:6      | Lost mutation: You have hoof-like feet. [Jiyva's grace]
  4607 | D:6      | Lost mutation: You have large cloven feet. [Jiyva's grace]
  4607 | D:6      | Gained mutation: You have sharp toenails. [Jiyva's grace]
  4607 | D:6      | Gained mutation: You have razor-sharp toenails. [Jiyva's
                  | grace]
  4607 | D:6      | Gained mutation: You have claws for feet. [Jiyva's grace]
  4731 | D:6      | Found a hide-covered altar of Uskayaw.
  4731 | D:6      | Found a snail-covered altar of Cheibriados.
  4732 | D:6      | Found a glowing silver altar of Zin.
  4733 | D:6      | Found a radiant altar of Vehumet.
  5061 | D:7      | Noticed a two-headed ogre
  5076 | D:7      | Killed a two-headed ogre
  5077 | D:7      | Reached skill level 10 in Fighting
  5077 | D:7      | Reached XP level 10. HP: 77/93 MP: 8/10
  5161 | D:7      | Identified the +1 tower shield of Objectivity {rCorr}
  5170 | D:7      | Reached skill level 5 in Armour
  5233 | D:7      | Found Cizoniyck's Assorted Antiques.
  5238 | D:7      | Bought a scroll labelled JIOSUANUWK for 28 gold pieces
  5238 | D:7      | Bought a scroll of identify for 56 gold pieces
  5238 | D:7      | Bought a scroll of identify for 56 gold pieces
  6354 | D:9      | Found a flagged portal.
  6365 | Bailey   | Entered a bailey
  6526 | Bailey   | Noticed an orc knight
  6540 | Bailey   | Killed an orc knight
  6691 | D:9      | Found a runed translucent gate.
  6691 | D:9      | Found a runed translucent gate.
  6691 | D:9      | Found a runed translucent gate.
  6693 | D:9      | Noticed RichitheSlayer's ghost (novice HOFi)
  6694 | D:9      | Noticed Soborki's ghost (novice MiBe)
  6695 | D:9      | Noticed knorpule3000's ghost (novice HOMo)
  6695 | D:9      | Noticed Toxicplasma's ghost (novice MiBe)
  6695 | D:9      | You are sucked into a shaft and drop 2 floors!
  6742 | D:11     | Noticed a five-headed hydra
  6745 | D:10     | Entered Level 10 of the Dungeon
  6814 | D:9      | Lost mutation: You have a small jelly attached to you that
                  | may absorb projectiles. [Jiyva's grace]
  6814 | D:9      | Lost mutation: Your melee attacks may engulf your foes in
                  | ooze. [Jiyva's grace]
  6814 | D:9      | Gained mutation: You are agile. (Dex +4, Str/Int -1)
                  | [Jiyva's grace]
  6814 | D:9      | Gained mutation: You are very agile. (Dex +8, Str/Int -2)
                  | [Jiyva's grace]
  6814 | D:9      | Gained mutation: Your mind is acute. (Int +4, Str/Dex -1)
                  | [Jiyva's grace]
  6814 | D:9      | Gained mutation: Your mind is very acute. (Int +8, Str/Dex
                  | -2) [Jiyva's grace]
  6921 | D:9      | Reached XP level 11. HP: 100/100 MP: 11/11
  6921 | D:9      | Found a roughly hewn altar of Beogh.
  6921 | D:9      | Found a staircase to the Orcish Mines.
  6934 | D:9      | Reached skill level 5 in Dodging
  7303 | D:9      | Found a shimmering blue altar of Sif Muna.
  7631 | D:10     | Noticed a two-headed ogre
  7647 | D:10     | Killed a two-headed ogre
  7741 | D:10     | Noticed a soul eater
  7810 | D:10     | Found a staircase to the Lair.
  7989 | D:10     | Reached ****** piety under Jiyva
  8212 | D:10     | Noticed Maggie
  8238 | D:10     | Killed Maggie
  8260 | D:10     | Identified the +2 spear of Zofousungom {spect, SInv}
  8515 | D:10     | Reached skill level 1 in Spellcasting
  8545 | D:11     | Reached skill level 1 in Evocations
  8693 | D:11     | Noticed a cyclops
  8702 | D:11     | Killed a cyclops
  8703 | D:11     | Reached XP level 12. HP: 92/106 MP: 13/15
  8713 | D:11     | Noticed a two-headed ogre
  8729 | D:11     | Killed a two-headed ogre
  8835 | D:11     | Killed a five-headed hydra
  8955 | D:11     | Reached skill level 11 in Fighting
  9101 | D:11     | Noticed a seven-headed hydra
  9114 | D:11     | Killed a seven-headed hydra
  9231 | Lair:1   | Entered Level 1 of the Lair of Beasts
  9446 | Lair:1   | Reached skill level 12 in Fighting
  9557 | Lair:1   | Lost mutation: You have claws for feet. [Jiyva's grace]
  9557 | Lair:1   | Gained mutation: Your spells are a little harder to cast,
                  | but a little more powerful. [Jiyva's grace]
  9557 | Lair:1   | Gained mutation: Your spells are harder to cast, but more
                  | powerful. [Jiyva's grace]
  9557 | Lair:1   | Gained mutation: Your spells are much harder to cast, but
                  | much more powerful. [Jiyva's grace]
  9557 | Lair:1   | Gained mutation: You have a small jelly attached to you
                  | that may absorb projectiles. [Jiyva's grace]
  9559 | Lair:1   | Noticed an eight-headed hydra
  9562 | Lair:1   | Killed an eight-headed hydra
  9990 | Lair:2   | Reached skill level 13 in Fighting
 10271 | Lair:2   | Found a hole to the Spider Nest.
 10409 | Lair:2   | Reached skill level 14 in Fighting
 10928 | Lair:3   | Reached skill level 15 in Fighting
 10957 | Lair:3   | Found the +14 obsidian axe {vorpal, Mesm Drain Fly SInv}
 10979 | Lair:3   | Reached XP level 13. HP: 123/126 MP: 16/16
 10998 | Lair:3   | Reached skill level 5 in Evocations
 11087 | Lair:3   | Found a staircase to the Shoals.
 11280 | Lair:3   | Lost mutation: Your mind is very acute. (Int +8, Str/Dex
                  | -2) [Jiyva's grace]
 11280 | Lair:3   | Lost mutation: Your spells are much harder to cast, but
                  | much more powerful. [Jiyva's grace]
 11280 | Lair:3   | Gained mutation: Your system is resistant to poisons.
                  | (rPois) [Jiyva's grace]
 11280 | Lair:3   | Gained mutation: Armour fits poorly on your pseudopods.
                  | [Jiyva's grace]
 11280 | Lair:3   | Gained mutation: Armour fits poorly on your large
                  | pseudopods. [Jiyva's grace]
 11280 | Lair:3   | Gained mutation: Armour fits poorly on your massive
                  | pseudopods. [Jiyva's grace]
 11926 | Lair:4   | Found a staircase to the Slime Pits.
 11927 | Lair:4   | Found a viscous altar of Jiyva.
 11953 | Lair:4   | Reached skill level 16 in Fighting
 11983 | Lair:4   | Noticed Kirke
 11994 | Lair:4   | Killed Kirke
 12241 | Lair:4   | Identified the +2 robe "Ijipnef" {*Slow Regen+ Str+4
                  | Stlth+}
 12782 | Lair:5   | Entered Level 5 of the Lair of Beasts
 12806 | Lair:5   | Reached skill level 15 in Axes
 13067 | Lair:5   | Reached XP level 14. HP: 94/137 MP: 12/17
 13254 | Lair:5   | Lost mutation: Armour fits poorly on your massive
                  | pseudopods. [Jiyva's grace]
 13254 | Lair:5   | Lost mutation: You are covered in slimy tendrils that may
                  | disarm your opponents. [Jiyva's grace]
 13254 | Lair:5   | Lost mutation: You have a small jelly attached to you that
                  | may absorb projectiles. [Jiyva's grace]
 13254 | Lair:5   | Gained mutation: You expend magic power (3 MP) to
                  | strengthen your wands. [Jiyva's grace]
 13254 | Lair:5   | Gained mutation: Armour fits poorly on your massive
                  | pseudopods. [Jiyva's grace]
 13254 | Lair:5   | Gained mutation: Your spells are much harder to cast, but
                  | much more powerful. [Jiyva's grace]
 13254 | Lair:5   | Gained mutation: You are covered in slimy tendrils that may
                  | disarm your opponents. [Jiyva's grace]
 13802 | Lair:5   | Reached skill level 17 in Fighting
 14082 | Slime:1  | Entered Level 1 of the Pits of Slime
 14083 | Slime:1  | Noticed a quicksilver ooze
 14152 | Slime:1  | Noticed a rockslime
 14161 | Slime:1  | Noticed an acid blob
 14209 | Slime:2  | Noticed an acid blob
 14216 | Slime:2  | Noticed an azure jelly
 14265 | Slime:3  | Noticed Dissolution
 14265 | Slime:3  | Noticed a quicksilver ooze
 14265 | Slime:3  | Noticed an azure jelly
 14495 | Slime:4  | Noticed an acid blob
 14516 | Slime:4  | Noticed an azure jelly
 14536 | Slime:4  | Noticed an acid blob
 14550 | Slime:4  | Noticed an acid blob
 14655 | Slime:5  | Entered Level 5 of the Pits of Slime
 14655 | Slime:5  | Noticed an acid blob
 14655 | Slime:5  | Noticed a quicksilver ooze
 14662 | Slime:5  | Noticed an acid blob
 14687 | Slime:5  | Noticed a rockslime
 14720 | Slime:5  | Noticed an acid blob
 14754 | Slime:5  | Noticed an acid blob
 14756 | Slime:5  | Noticed a quicksilver ooze
 14815 | Slime:5  | Noticed an acid blob
 14815 | Slime:5  | Noticed a rockslime
 14845 | Slime:5  | Noticed the Royal Jelly
 14846 | Slime:5  | Found a viscous altar of Jiyva.
 14853 | Slime:5  | Found the +7 sceptre of Torment {pain, torment}
 14862 | Slime:5  | Got a slimy rune of Zot
 14863 | Slime:5  | Identified the ring of Gycsenlo {rElec EV+4}
 14876 | Slime:5  | Got the Spellbook of the Lungs
 14884 | Slime:5  | Noticed an azure jelly
 14890 | Slime:5  | Noticed an acid blob
 14967 | Slime:4  | Noticed an acid blob
 14989 | Slime:4  | Noticed a quicksilver ooze
 15104 | Slime:5  | Noticed an acid blob
 15154 | Slime:2  | Noticed an acid blob
 15157 | Slime:2  | Noticed a rockslime
 15348 | Orc:1    | Entered Level 1 of the Orcish Mines
 15581 | Orc:1    | Found a radiant altar of Vehumet.
 15749 | Orc:2    | Entered Level 2 of the Orcish Mines
 15749 | Orc:2    | Found a staircase to the Elven Halls.
 16018 | Orc:2    | Reached skill level 18 in Fighting
 16185 | Orc:2    | Noticed an orc warlord
 16214 | Orc:2    | Killed an orc warlord
 16218 | Orc:2    | Found Wucsix's Antique Weapon Shop.
 16226 | Orc:2    | Found a roughly hewn altar of Beogh.
 16228 | Orc:2    | Found Umoom's Weapon Shop.
 16275 | Orc:2    | Found Unel's Assorted Antiques.
 16290 | Orc:2    | Reached skill level 19 in Fighting
 16358 | Orc:2    | Reached XP level 15. HP: 136/152 MP: 16/18
 16444 | Orc:2    | Found Gerhov's Distillery.
 16720 | Orc:2    | Lost mutation: You are very agile. (Dex +8, Str/Int -2)
                  | [Jiyva's grace]
 16720 | Orc:2    | Lost mutation: You are agile. (Dex +4, Str/Int -1) [Jiyva's
                  | grace]
 16720 | Orc:2    | Lost mutation: Your spells are much harder to cast, but
                  | much more powerful. [Jiyva's grace]
 16720 | Orc:2    | Lost mutation: Your spells are harder to cast, but more
                  | powerful. [Jiyva's grace]
 16720 | Orc:2    | Lost mutation: You are covered in slimy tendrils that may
                  | disarm your opponents. [Jiyva's grace]
 16720 | Orc:2    | Gained mutation: Your melee attacks may engulf your foes in
                  | ooze. [Jiyva's grace]
 16720 | Orc:2    | Gained mutation: You have a small jelly attached to you
                  | that senses nearby items. [Jiyva's grace]
 16720 | Orc:2    | Gained mutation: You possess an exceptional clarity of
                  | mind. [Jiyva's grace]
 16720 | Orc:2    | Gained mutation: Your translucent skin slightly reduces
                  | your foes' accuracy. (Stealth+) [Jiyva's grace]
 17034 | D:9      | Killed RichitheSlayer's ghost
 17059 | D:9      | Killed Toxicplasma's ghost
 17068 | D:9      | Killed knorpule3000's ghost
 17074 | D:9      | Killed Soborki's ghost
 17189 | Spider:1 | Entered Level 1 of the Spider Nest
 17319 | Spider:1 | Reached skill level 20 in Fighting
 17383 | Spider:1 | Identified the +10 dagger "Saxazoown" {vorpal, MP-9 Str+5
                  | Dex+7}
 17451 | Spider:1 | Noticed an emperor scorpion
 17470 | Spider:1 | Killed an emperor scorpion
 17652 | Spider:1 | Identified the +1 ring mail of Uskaps {rElec Slay+4}
 17989 | Spider:2 | Reached skill level 10 in Evocations
 18433 | Spider:2 | Noticed a ghost moth
 18448 | Spider:2 | Killed a ghost moth
 18776 | Spider:3 | Noticed an emperor scorpion
 18812 | Spider:3 | Killed an emperor scorpion
 19670 | Spider:3 | Lost mutation: You have razor-sharp toenails. [Jiyva's
                  | grace]
 19670 | Spider:3 | Lost mutation: Armour fits poorly on your massive
                  | pseudopods. [Jiyva's grace]
 19670 | Spider:3 | Lost mutation: Armour fits poorly on your large pseudopods.
                  | [Jiyva's grace]
 19670 | Spider:3 | Lost mutation: Your translucent skin slightly reduces your
                  | foes' accuracy. (Stealth+) [Jiyva's grace]
 19670 | Spider:3 | Gained mutation: You are partially covered in iridescent
                  | scales. (AC +2) [Jiyva's grace]
 19670 | Spider:3 | Gained mutation: You are mostly covered in iridescent
                  | scales. (AC +4) [Jiyva's grace]
 19670 | Spider:3 | Gained mutation: You are completely covered in iridescent
                  | scales. (AC +6) [Jiyva's grace]
 19670 | Spider:3 | Gained mutation: Your rubbery body absorbs attacks. (AC +1,
                  | EV +1) [Jiyva's grace]
 19963 | Spider:3 | Identified the +0 robe "Ylas" {rPois rN+ Str+4 Int+6}
 20230 | Spider:4 | Entered Level 4 of the Spider Nest
 20260 | Spider:4 | Noticed an emperor scorpion
 20537 | Spider:4 | Reached XP level 16. HP: 152/162 MP: 19/19
 20791 | Spider:4 | Reached skill level 10 in Dodging
 21388 | Spider:4 | Got a gossamer rune of Zot
 21848 | Shoals:1 | Entered Level 1 of the Shoals
 22795 | Shoals:2 | You are sucked into a shaft and drop 1 floor!
 22796 | Shoals:3 | Lost mutation: You have sharp toenails. [Jiyva's grace]
 22796 | Shoals:3 | Lost mutation: You are completely covered in iridescent
                  | scales. (AC +6) [Jiyva's grace]
 22796 | Shoals:3 | Lost mutation: Your body has grown many eyes which may
                  | confuse attackers. (Acc +5) [Jiyva's grace]
 22796 | Shoals:3 | Gained mutation: Your flesh is cold resistant. (rC+)
                  | [Jiyva's grace]
 22796 | Shoals:3 | Gained mutation: Your flesh is very cold resistant. (rC++)
                  | [Jiyva's grace]
 22796 | Shoals:3 | Gained mutation: Your flesh is almost immune to the effects
                  | of cold. (rC+++) [Jiyva's grace]
 22796 | Shoals:3 | Gained mutation: You are covered in fur. (AC +1) [Jiyva's
                  | grace]
 22834 | Shoals:3 | Identified a scroll of acquirement
 22836 | Shoals:3 | Noticed Ilsuiw
 22837 | Shoals:3 | Found a sacrificial altar of Ru.
 22870 | Shoals:3 | Killed Ilsuiw
 22912 | Shoals:3 | Noticed Roxanne
 22933 | Shoals:3 | Killed Roxanne
 22934 | Shoals:3 | Reached XP level 17. HP: 170/170 MP: 20/20
 22944 | Shoals:3 | Acquired 729 gold pieces
 22974 | Shoals:3 | Noticed Louise
 22988 | Shoals:3 | Killed Louise
 23190 | Shoals:3 | Found the +5 glaive of the Guard {elec, spectral, AC+5}
 23300 | Shoals:3 | Found a white marble altar of Elyvilon.
 23354 | Shoals:3 | Noticed a kraken
 23369 | Shoals:3 | Killed a kraken
 23785 | Shoals:2 | Noticed Polyphemus
 23800 | Shoals:2 | Killed Polyphemus
 24052 | Shoals:2 | Learned a level 4 spell: Sticky Flame
 24454 | Shoals:4 | Entered Level 4 of the Shoals
 24467 | Shoals:4 | Reached skill level 1 in Fire Magic
 24468 | Shoals:4 | Noticed a kraken
 24560 | Shoals:4 | Killed a kraken
 24574 | Shoals:4 | Got a barnacled rune of Zot
 24761 | Shoals:4 | Reached skill level 5 in Fire Magic
 24807 | Shoals:4 | Lost mutation: You are mostly covered in iridescent scales.
                  | (AC +4) [Jiyva's grace]
 24807 | Shoals:4 | Lost mutation: You are partially covered in iridescent
                  | scales. (AC +2) [Jiyva's grace]
 24807 | Shoals:4 | Lost mutation: Your flesh is almost immune to the effects
                  | of cold. (rC+++) [Jiyva's grace]
 24807 | Shoals:4 | Lost mutation: Your system is resistant to poisons. (rPois)
                  | [Jiyva's grace]
 24807 | Shoals:4 | Lost mutation: You are covered in fur. (AC +1) [Jiyva's
                  | grace]
 24807 | Shoals:4 | Gained mutation: You passively map a small area around you.
                  | [Jiyva's grace]
 24807 | Shoals:4 | Gained mutation: You passively map the area around you.
                  | [Jiyva's grace]
 24807 | Shoals:4 | Gained mutation: You passively map a large area around you.
                  | [Jiyva's grace]
 24807 | Shoals:4 | Gained mutation: Armour fits poorly on your large
                  | pseudopods. [Jiyva's grace]
 24832 | Shoals:4 | Found Hyte's Distillery.
 24837 | Shoals:4 | Bought 2 potions of haste for 280 gold pieces
 24837 | Shoals:4 | Bought a potion of invisibility for 112 gold pieces
 24837 | Shoals:4 | Bought a potion of curing for 42 gold pieces
 24837 | Shoals:4 | Bought a potion of curing for 42 gold pieces
 24837 | Shoals:4 | Bought a potion of curing for 42 gold pieces
 24837 | Shoals:4 | Bought a potion of heal wounds for 70 gold pieces
 26020 | D:12     | Reached skill level 1 in Conjurations
 26679 | D:14     | Found Byraxzak's General Store.
 26698 | D:14     | Lost mutation: You passively map a large area around you.
                  | [Jiyva's grace]
 26698 | D:14     | Lost mutation: You have a small jelly attached to you that
                  | senses nearby items. [Jiyva's grace]
 26698 | D:14     | Gained mutation: You have large cloven feet. [Jiyva's
                  | grace]
 26698 | D:14     | Gained mutation: You have hoof-like feet. [Jiyva's grace]
 26698 | D:14     | Gained mutation: You have hooves in place of feet. [Jiyva's
                  | grace]
 26698 | D:14     | Gained mutation: Your flesh is almost immune to the effects
                  | of cold. (rC+++) [Jiyva's grace]
 26747 | D:14     | Found the +7 Singing Sword {vorpal, sonic wave}
 26759 | D:14     | Reached skill level 5 in Conjurations
 26772 | D:14     | Found a runed translucent gate.
 26772 | D:14     | Found a runed translucent gate.
 26772 | D:14     | Found a runed translucent gate.
 26872 | D:14     | Noticed lis82's ghost (journeyman DgAE)
 26900 | D:14     | Found a gate to the Vaults.
 26904 | D:14     | Reached XP level 18. HP: 178/178 MP: 21/21
 26905 | D:14     | Reached skill level 10 in Armour
 27620 | D:14     | Identified the ring "Juachud" {Ice Str+2 Dex+4}
 27622 | D:14     | Found a roughly hewn altar of Beogh.
 27650 | D:15     | Entered Level 15 of the Dungeon
 27680 | D:15     | Noticed Jorgrun
 27693 | D:15     | Killed Jorgrun
 27728 | D:15     | Found a frozen archway.
 27742 | IceCv    | Entered an ice cave
 27916 | IceCv    | Found an ancient bone altar of Kikubaaqudgha.
 28088 | IceCv    | Noticed a lich
 28091 | IceCv    | Killed a lich
 28319 | D:15     | Found a white marble altar of Elyvilon.
 28454 | D:15     | Found a staircase to the Depths.
 28760 | D:15     | Lost mutation: You have hooves in place of feet. [Jiyva's
                  | grace]
 28760 | D:15     | Lost mutation: You have hoof-like feet. [Jiyva's grace]
 28760 | D:15     | Lost mutation: You have large cloven feet. [Jiyva's grace]
 28760 | D:15     | Lost mutation: Your mind is acute. (Int +4, Str/Dex -1)
                  | [Jiyva's grace]
 28760 | D:15     | Lost mutation: Your flesh is almost immune to the effects
                  | of cold. (rC+++) [Jiyva's grace]
 28760 | D:15     | Lost mutation: Your body has grown eyes which may confuse
                  | attackers. (Acc +3) [Jiyva's grace]
 28760 | D:15     | Lost mutation: Your melee attacks may engulf your foes in
                  | ooze. [Jiyva's grace]
 28760 | D:15     | Gained mutation: Your translucent skin slightly reduces
                  | your foes' accuracy. (Stealth+) [Jiyva's grace]
 28760 | D:15     | Gained mutation: Your translucent skin reduces your foes'
                  | accuracy. (Stealth+) [Jiyva's grace]
 28760 | D:15     | Gained mutation: Your transparent skin significantly
                  | reduces your foes' accuracy. (Stealth+) [Jiyva's grace]
 28760 | D:15     | Gained mutation: A frigid envelope surrounds you and
                  | freezes all who hurt you. [Jiyva's grace]
 28826 | Depths:1 | Entered Level 1 of the Depths
 28988 | Depths:1 | Found Gozag's Antique Armour Shoppe.
 28988 | Depths:1 | Noticed Sojobo
 29042 | Depths:1 | Found Gozag's Antique Weapon Shoppe.
 29046 | Depths:1 | Noticed a golden dragon
 29047 | Depths:1 | Found an opulent altar of Gozag.
 29073 | Depths:1 | Paralysed by an air elemental for 1 turns
 29077 | Depths:1 | Killed Sojobo
 29086 | Depths:1 | Found a one-way gate leading to the halls of Pandemonium.
 29241 | Depths:1 | Found a gateway to Hell.
 29254 | Depths:1 | Noticed a golden dragon
 29261 | Depths:1 | Killed a golden dragon
 29262 | Depths:1 | Reached skill level 15 in Armour
 29549 | Depths:1 | Found Gozag's Antique Weapon Emporium.
 29758 | Depths:1 | Bought a pair of steaming boots for 950 gold pieces
 29758 | Depths:1 | Identified the +2 pair of boots of Orthodoxy {MP-9 Int-4
                  | Dex+8} (You bought it in a shop on level 1 of the Depths)
 29775 | Depths:1 | Found a hide-covered altar of Uskayaw.
 29972 | Depths:1 | Identified the ring of Zin's Regard {rPois Will+ Int+2
                  | SInv}
 29994 | Depths:1 | Reached XP level 19. HP: 165/187 MP: 18/22
 30008 | Depths:1 | Reached skill level 21 in Fighting
 30491 | Elf:1    | Entered Level 1 of the Elven Halls
 30503 | Elf:1    | Paralysed by an air elemental for 1 turns
 30516 | Elf:1    | Found a radiant altar of Vehumet.
 30557 | Elf:1    | Paralysed by an air elemental for 1 turns
 30800 | Elf:1    | Found Juinuetathro's Assorted Antiques.
 30861 | Elf:1    | Found a runed translucent gate.
 30861 | Elf:1    | Found a runed translucent gate.
 30861 | Elf:1    | Found a runed translucent gate.
 31153 | Elf:1    | Reached skill level 22 in Fighting
 31157 | Elf:1    | Noticed a Tzitzimitl
 31215 | Elf:1    | Lost mutation: You possess an exceptional clarity of mind.
                  | [Jiyva's grace]
 31215 | Elf:1    | Lost mutation: A frigid envelope surrounds you and freezes
                  | all who hurt you. [Jiyva's grace]
 31215 | Elf:1    | Lost mutation: You passively map the area around you.
                  | [Jiyva's grace]
 31215 | Elf:1    | Gained mutation: Armour fits poorly on your massive
                  | pseudopods. [Jiyva's grace]
 31215 | Elf:1    | Gained mutation: Your spells are harder to cast, but more
                  | powerful. [Jiyva's grace]
 31215 | Elf:1    | Gained mutation: Your spells are much harder to cast, but
                  | much more powerful. [Jiyva's grace]
 31215 | Elf:1    | Gained mutation: Your pliable body absorbs attacks. (AC +2,
                  | EV +2) [Jiyva's grace]
 32034 | Elf:2    | Found a runed translucent gate.
 32034 | Elf:2    | Found a runed translucent gate.
 32034 | Elf:2    | Found a runed translucent gate.
 32116 | Elf:3    | Entered Level 3 of the Elven Halls
 32319 | Vaults:1 | Entered Level 1 of the Vaults
 32732 | Vaults:1 | Noticed Donald
 32742 | Vaults:1 | Killed Donald
 33132 | Vaults:1 | Noticed a Hell Sentinel
 33226 | Vaults:1 | Reached skill level 10 in Conjurations
 33623 | Vaults:2 | Reached XP level 20. HP: 176/200 MP: 23/23
 33659 | Vaults:2 | Identified the +9 plate armour of Caegh {rN+ Dex+3}
 33763 | Vaults:2 | Reached skill level 10 in Fire Magic
 33967 | Vaults:2 | Found Jerrill's Jewellery Shoppe.
 34373 | Vaults:2 | Found a runed translucent gate.
 34374 | Vaults:2 | Found a runed translucent gate.
 34374 | Vaults:2 | Found a runed translucent gate.
 34400 | Vaults:2 | Reached skill level 5 in Spellcasting
 35356 | Vaults:3 | Reached skill level 23 in Fighting
 35410 | Vaults:3 | Found a staircase to the Crypt.
 35805 | Vaults:3 | Lost mutation: Your flesh is very cold resistant. (rC++)
                  | [Jiyva's grace]
 35805 | Vaults:3 | Lost mutation: You passively map a small area around you.
                  | [Jiyva's grace]
 35805 | Vaults:3 | Lost mutation: Your spells are much harder to cast, but
                  | much more powerful. [Jiyva's grace]
 35805 | Vaults:3 | Lost mutation: Armour fits poorly on your massive
                  | pseudopods. [Jiyva's grace]
 35805 | Vaults:3 | Gained mutation: You have large cloven feet. [Jiyva's
                  | grace]
 35805 | Vaults:3 | Gained mutation: You have hoof-like feet. [Jiyva's grace]
 35805 | Vaults:3 | Gained mutation: You have hooves in place of feet. [Jiyva's
                  | grace]
 35805 | Vaults:3 | Gained mutation: You have a small jelly attached to you
                  | that senses nearby items. [Jiyva's grace]
 35879 | Vaults:3 | Reached XP level 21. HP: 208/213 MP: 28/28
 35997 | Vaults:3 | Reached skill level 24 in Fighting
 36018 | Vaults:3 | You are sucked into a shaft and drop 1 floor!
 36831 | Vaults:4 | Reached skill level 25 in Fighting
 37016 | Vaults:4 | Found Fatutung's Jewellery Shop.
 37648 | Depths:2 | Lost mutation: Your spells are harder to cast, but more
                  | powerful. [Jiyva's grace]
 37648 | Depths:2 | Lost mutation: Armour fits poorly on your large pseudopods.
                  | [Jiyva's grace]
 37648 | Depths:2 | Lost mutation: You have a small jelly attached to you that
                  | senses nearby items. [Jiyva's grace]
 37648 | Depths:2 | Gained mutation: Your melee attacks may engulf your foes in
                  | ooze. [Jiyva's grace]
 37648 | Depths:2 | Gained mutation: Your spells are harder to cast, but more
                  | powerful. [Jiyva's grace]
 37648 | Depths:2 | Gained mutation: Your spells are much harder to cast, but
                  | much more powerful. [Jiyva's grace]
 37648 | Depths:2 | Gained mutation: Your muscles are strong. (Str +4, Int/Dex
                  | -1) [Jiyva's grace]
 37686 | Depths:2 | Found a shimmering blue altar of Sif Muna.
 37713 | Depths:2 | Reached skill level 26 in Fighting
 37828 | Depths:2 | Identified the ring of the Disbelieving Gods {rElec rPois
                  | Int+2 Dex+6}
 37843 | Depths:2 | Noticed a golden dragon
 37857 | Depths:2 | Killed a golden dragon
 37862 | Depths:2 | Noticed a caustic shrike
 37868 | Depths:2 | Noticed a golden dragon
 37873 | Depths:2 | HP: 10/222 [acid (3)]
 37875 | Depths:2 | Mangled by a golden dragon

Illustrated notes

Levels and vault maps discovered:
D:1:      dpeg_arrival_yet_another_circle, layout_rooms, minivault_26,
          minmay_misc_feat_tiny
D:2:      minmay_diamond_boxcup, layout_basic,
          shapermc_ecumenical_altar_acropolis, uniq_sigmund,
          uniq_crazy_yiuf_cottage
D:3:      layout_loops_cross, dk_yredelemnul_ordeal, serial_bayou,
          serial_bayou_ford_a, serial_bayou_pond_a, serial_bayou_lagoon_a,
          serial_bayou_crossing, ebering_ghost_reflecting_pool, uniq_grinder
D:4:      layout_cave_pools, mainiacjoe_overflow_cross_hatched,
          dk_noncrumbling_2, minmay_ogre_servants
D:5:      layout_gridville, serial_rivers, chequers_serial_rivers_large_b,
          chequers_serial_rivers_small_b, chequers_serial_rivers_micro_a,
          chequers_serial_rivers_micro_d, chequers_serial_rivers_micro_e,
          chequers_serial_rivers_micro_b, grunt_decor_mini_mirrors,
          guppyfry_early_lair_pool, uniq_pikel
D:6:      layout_basic, cheibrodos_ashenzari_chains, minitemple,
          trog_hazing_becter, lemuel_crystal_altar, minmay_temple_entry_waves,
          minmay_manual_mess
D:7:      layout_rooms, serial_shops, nicolae_shop_trees
D:8:      layout_loops_ring
D:9:      layout_roguey, lemuel_doored_altar, david_orc_5,
          gammafunk_ghost_cemetery, enter_bailey_3
D:10:     layout_loops_ring, erik_lair_island, hangedman_decor_opposing,
          uniq_maggie
D:11:     layout_basic
D:12:     layout_rooms, minmay_misc_feat_cross
D:13:     layout_gridville
D:14:     layout_basic, david_vaults_1, biasface_ghost_orc_armoury,
          serial_shops, nicolae_shop_advertising_works
          [nicolae_subvault_shop_adworks], minmay_the_grid_square_5x5_3x3_mashed
          [minmay_the_grid_square_5x5_inner_v,
          minmay_the_grid_square_5x5_half_checkered,
          minmay_the_grid_square_5x5_v, minmay_the_grid_square_5x5_shrine2,
          minmay_the_grid_square_5x5_megaprize_open,
          minmay_the_grid_square_5x5_inset,
          minmay_the_grid_square_5x5_gyroscope,
          minmay_the_grid_square_5x5_checkered,
          minmay_the_grid_square_5x5_fancy_junction]
D:15:     hangedman_depths_entry_try_elsewhere_first, layout_irregular_city,
          portal_ice_cave_entry_frozen_things, corexii_hall_statues_i,
          nicolae_elyvilon_temple_path, uniq_jorgrun
Temple:   nicolae_temple_ecumenical_triangle
Lair:1:   layout_hall_layers, grunt_megastairs_3
Lair:2:   layout_loops_ring, spider_nest_entry_rubble
Lair:3:   layout_chaotic_city, minmay_shoals_entry_hut,
          dreamdust_deal_with_the_devil
Lair:4:   layout_cave_pods, slime_entry_1, uniq_kirke
Lair:5:   grunt_lair_end_beastmaster, layout_regular_city, enter_volcano_4
Shoals:1: layout_shoals
Shoals:2: layout_shoals, uniq_polyphemus
Shoals:3: layout_shoals, hangedman_feature_mirror, uniq_ilsuiw, uniq_louise,
          uniq_roxanne
Shoals:4: shoals_end_hangedman, layout_shoals, serial_shops,
          nicolae_shop_hallway_plus
Spider:1: layout_spider_delve, drop_trap
Spider:2: layout_spider_delve
Spider:3: layout_chambers
Spider:4: spider_rune_water
Slime:1:  layout_caves
Slime:2:  layout_caves
Slime:3:  layout_caves, dissolution_awaits
Slime:4:  layout_caves
Slime:5
Orc:1:    layout_caves, basic_altar
Orc:2:    hellmonk_orc_salted, layout_diamond_mine, mines4_lemuel
Elf:1:    eino_elf_arrival_altar, layout_loops_corners, serial_shops,
          nicolae_shop_behind_doors, hangedman_elf_represent,
          nicolae_elf_hall_of_bonks
Elf:2:    nicolae_elf_blades_splatter_lattice
          [nicolae_blade_entry_hurt_lockers], layout_rooms, billiards_dpeg,
          uniq_nikola, uniq_azrael
Elf:3:    elf_hall_gauntlet_narrow, layout_geoelf_castle, serial_shops, shop,
          corexii_hall_statues_i, serial_sigils_hangedman_stare
Vaults:1: v_alt_pattern_5, vaults_standard_mumra_lines, v_pattern_5,
          ontoclasm_vaults_gallery, vaults_dpeg_diagonal,
          ontoclasm_vaults_fault, vaults_room_hallway,
          nicolae_vaults_mini_display_case, ontoclasm_vaults_ring_small,
          layout_vaults_maze_bifur, uniq_donald
Vaults:2: ploomutoo_gammafunk_ghost_potion_laboratory,
          nicolae_vaults_yaktaur_gun_rack, v_rooms_2, v_misc_10,
          vaults_room_grunt_arrival_ludios, hangedman_vaults_stream,
          st_smaller_cells, grunt_vaults_hallway_short, v_pattern_4,
          ontoclasm_vaults_loading_screen, grunt_vaults_bifocal,
          vaults_dpeg_emergency_exit, v_misc_17, ontoclasm_vaults_pinch,
          layout_vaults_omnibox, serial_shops, nicolae_shop_crystal
Vaults:3: minmay_crypt_entry_simple_box, v_misc_8,
          vaults_standard_mumra_enter_the_diamond,
          nicolae_vaults_little_squares_2, ontoclasm_vaults_gateway,
          dpeg_vaults_monster_row, nicolae_vaults_little_squares_4,
          nicolae_vaults_theta, nicolae_vaults_network_quinsquares
          [nicolae_vaults_network_quincunx_subvault,
          nicolae_vaults_network_quincunx_subvault,
          nicolae_vaults_network_quincunx_subvault,
          nicolae_vaults_network_quincunx_subvault], vaults_room_door_ring,
          layout_vaults_ring, uniq_margery
Vaults:4: v_pattern_3, nicolae_vaults_theta, nicolae_vaults_little_squares_3,
          nicolae_vaults_three_branches, nicolae_vaults_rhombus_7,
          nicolae_vaults_border_crossing, vaults_dpeg_encased_lava,
          layout_vaults_omnigrid, serial_shops, shop
Depths:1: kennysheep_gozag_temple, layout_honeycomb, rand_demon_pan_entry_3,
          grunt_hell_entry_dis_old, nicolae_concentric_dashed_squares_wild,
          eat_drink_and_be_merry_uskayaw, uniq_sojobo
Depths:2: minmay_triangles_in_corner, layout_twisted_cross,
          rand_demon_pan_entry_9, pf_coc_iceberg, abyss_entry, special_room
          [special_room_mythical_zoo], nicolae_sif_muna_condensation,
          minmay_variable_closet

Skill      XL: |  1  2  3  4  5  6  7  8  9 10 11 12 13 14 15 16 17 18 19 20 21 |
---------------+----------------------------------------------------------------+-----
Axes           | 5 6 8 10 12 14 16 18 | 18.0
Armour         | 3 4 9 15 | 15.0
Fighting       | 10 15 16 19 20 22 23 26 | 26.4
Dodging        | 4 9 13 14 | 14.5
Spellcasting   | 2 5 |  5.0
Evocations     | 2 4 8 12 | 12.0
Fire Magic     | 8 9 12 | 12.0
Conjurations   | 5 10 | 10.0
Stealth        | |  1.5

Action                   |  1- 3 |  4- 6 |  7- 9 | 10-12 | 13-15 | 16-18 | 19-21 || total
-------------------------+-------+-------+-------+-------+-------+-------+-------++-------
Melee: Hand axe          |   112 |    60 |   268 |   981 |  1396 |   168 |       ||  2985
       Punch             |     1 |     1 |     4 |    22 |    33 |    26 |    20 ||   107
       Kick              |       |     2 |    88 |   482 |   742 |   253 |   134 ||  1701
       Spear             |       |       |       |    13 |    20 |       |       ||    33
       Pseudopods        |       |       |       |       |   421 |   307 |   273 ||  1001
       Broad axe         |       |       |       |       |       |   884 |   954 ||  1838
Throw: Dart              |       |       |       |     5 |       |       |       ||     5
 Cast: Sticky Flame      |       |       |       |       |       |       |     1 ||     1
Invok: Oozemancy         |       |     1 |     2 |     3 |    14 |     5 |     5 ||    30
Evoke: Phantom mirror    |       |       |       |     1 |     2 |     5 |     6 ||    14
       Wand              |       |       |       |     7 |    23 |    16 |     4 ||    50
       Phial of floods   |       |       |       |       |     1 |     4 |     3 ||     8
  Use: Scroll            |     8 |     2 |     7 |    12 |    10 |    16 |    11 ||    66
       Potion            |       |     1 |       |       |     9 |    12 |     7 ||    29
 Stab: Sleeping          |     5 |       |       |     4 |     1 |     1 |     8 ||    19
       Confused          |       |       |     9 |    63 |    70 |     7 |       ||   149
       Distracted        |       |       |       |     4 |     2 |     9 |    13 ||    28
       Petrified         |       |       |       |       |    17 |       |       ||    17
       Petrifying        |       |       |       |       |     3 |       |       ||     3
       Invisible         |       |       |       |       |       |     4 |     2 ||     6
       Paralysed         |       |       |       |       |       |     1 |     1 ||     2
Armor: Robe              |     7 |       |       |       |       |       |       ||     7
       Leather armour    |    24 |     5 |    59 |   188 |   266 |   296 |   146 ||   984
       Skin              |       |    11 |       |       |       |       |       ||    11
Dodge: Dodged            |    81 |    14 |   113 |   509 |   905 |   936 |   837 ||  3395

Table legend: (Time is in decaauts)
 A = Elapsed time spent in this place.
 B = Non-inter-level travel time spent in this place.
 C = Inter-level travel time spent in this place.
 D = Time resting spent in this place.
 E = Time spent auto-exploring this place.
 F = Levels seen in this place.
 G = Mean time per level.
                   A        B        C        D        E       F      G
               +--------+--------+--------+--------+--------+-----+--------+
         Total |  36182 |  33879 |   2303 |   2053 |  23600 |  47 |  769.8 |
       Dungeon |  11900 |  11049 |    851 |    573 |   7967 |  15 |  793.3 |
        Temple |     27 |     27 |      0 |      0 |     18 |   1 |   27.0 |
          Lair |   4581 |   4191 |    390 |      3 |   3147 |   5 |  916.2 |
        Shoals |   3565 |   3405 |    160 |     79 |   2654 |   4 |  891.2 |
   Spider Nest |   4332 |   4140 |    192 |    556 |   2386 |   4 | 1083.0 |
    Slime Pits |   1158 |   1018 |    140 |      0 |    976 |   5 |  231.6 |
  Orcish Mines |   1547 |   1417 |    130 |     34 |    935 |   2 |  773.5 |
   Elven Halls |   1638 |   1476 |    162 |     43 |   1097 |   3 |  546.0 |
        Vaults |   5003 |   4760 |    243 |    502 |   3104 |   4 | 1250.8 |
        Depths |   1725 |   1693 |     32 |    257 |   1061 |   2 |  862.5 |
        Bailey |    251 |    251 |      0 |      0 |     46 |   1 |  251.0 |
      Ice Cave |    451 |    451 |      0 |      4 |    208 |   1 |  451.0 |
               +--------+--------+--------+--------+--------+-----+--------+

Top non-repeatable levels by time:
Spider:3: 1567 daAuts
Vaults:2: 1564 daAuts
Depths:1: 1466 daAuts
Vaults:1: 1273 daAuts
Spider:4: 1247 daAuts
  Lair:5: 1157 daAuts
Vaults:3: 1151 daAuts
    D:14: 1135 daAuts
   Orc:2: 1125 daAuts
    D:10: 1094 daAuts
     D:9: 1085 daAuts
   Elf:1: 1084 daAuts
     D:6: 1040 daAuts
Vaults:4: 1015 daAuts
Shoals:4: 997 daAuts
